[Event "Team 45 45 League T50"]
[Site "Internet Chess Club"]
[Date "2011.08.13"]
[Round "1"]
[White "vigneshv"]
[Black "tightfist"]
[Result "1-0"]
[WhiteElo "1577"]
[BlackElo "1564"]
[Opening "QGD Slav: exchange variation"]
[ECO "D10"]
[Time "22:03:42"]
[TimeControl "2700+45"]

1. d4 d5 2. c4 c6 3. e3 Nf6 4. Nc3 Bf5 5. cxd5 cxd5 6. Nf3 Nc6 7. Bb5 a6 8. Ba4
h6 9. O-O b5 10. Bc2 Qd7 11. Bd2 Bg4 12. h3 Bh5 13. Rc1 e6 14. g4 Nxg4 15. hxg4
Bxg4 16. Bd3 e5 17. dxe5 d4 18. exd4 Nxd4 19. Be4 Rd8 20. Be3 Nxf3+ 21. Bxf3
Qxd1 22. Bxd1 Bxd1 23. Rfxd1 Bb4 24. Rxd8+ Kxd8 25. Nd5 Be7 26. Bb6+ Kd7 27.
Rc7+ Ke6 28. Nxe7 Kxe5 29. Nc6+ Kd6 30. Nb4 Ke6 31. Nxa6 Ra8 32. Nb4 Ra4 33. a3
Ra8 34. Rc5 f6 35. Rxb5 g5 36. Bd4 Rf8 37. Rb6+ Kf5 38. a4 h5 39. a5 g4 40. a6
Rd8 41. a7 Rxd4 42. a8=Q Rd1+ 43. Kg2 h4 44. Qc8+ Kg5 45. Rb5+ Kg6 46. Qxg4+ Kf7
47. Qxd1 {Black resigns} 1-0

[Event "Team 45 45 League T50"]
[Site "Internet Chess Club"]
[Date "2011.08.10"]
[Round "1"]
[White "Killian"]
[Black "pauliewoll"]
[Result "1/2-1/2"]
[WhiteElo "1902"]
[BlackElo "1670"]
[Opening "Sicilian: closed, 6.Be3"]
[ECO "B26"]
[Time "14:00:09"]
[TimeControl "2700+45"]

1. e4 c5 2. Nc3 Nc6 3. g3 g6 4. Bg2 Bg7 5. d3 d6 6. Be3 e6 7. Qd2 Nf6 8. h3 O-O
9. Nge2 e5 10. O-O Nd4 11. f4 Be6 12. g4 Qb6 13. f5 Bd7 14. Nd1 gxf5 15. exf5
Rac8 16. Ng3 Bc6 17. g5 Nd5 18. f6 Bh8 19. c3 Nxe3 20. Nxe3 Bxg2 21. Qxg2 Nc6
22. Nd5 Qb5 23. Nf5 Rfe8 24. Nde7+ Nxe7 25. Nxe7+ Rxe7 26. fxe7 Qd7 27. h4 Re8
28. h5 Rxe7 29. Rf3 d5 30. Rg3 e4 31. g6 hxg6 32. hxg6 f5 33. dxe4 fxe4 34. Rf1
d4 35. Rf7 dxc3 36. bxc3 Rxf7 37. gxf7+ Kxf7 38. Qxe4 Qd1+ 39. Kg2 Qd2+ 40. Kh3
Qh6+ 41. Qh4 Qe6+ 42. Rg4 Qe3+ 43. Qg3 Qh6+ 44. Qh4 Qe3+ 45. Rg3 Qe6+ 46. Qg4
Qh6+ 47. Kg2 Qd2+ 48. Kh1 Qc1+ 49. Rg1 Qh6+ 50. Kg2 Qd2+ 51. Kf1 Qc1+ 52. Kf2
Qd2+ 53. Qe2 Qf4+ 54. Qf3 Qxf3+ 55. Kxf3 Bxc3 56. Rd1 Ke6 57. Rd8 b5 58. Rb8 b4
59. Ra8 Kd5 60. Rxa7 c4 61. Ke2 Be5 62. Ra5+ Kd4 63. Rb5 Bd6 64. Kd2 Bc7 65. Kc2
Bd6 66. Rh5 Be5 67. Rh4+ Kd5 68. Rh1 Kc5 69. Re1 Kd4 70. Rd1+ Kc5 71. Rd8 Bd6
72. Ra8 Kd4 73. Ra5 Bc5 74. Rb5 Bd6 75. Kd2 {Game drawn by mutual agreement}
1/2-1/2

[Event "Team 45 45 League T50"]
[Site "Internet Chess Club"]
[Date "2011.08.15"]
[Round "1"]
[White "Helaman"]
[Black "SirIvanhoe"]
[Result "0-1"]
[WhiteElo "1455"]
[BlackElo "1531"]
[Opening "Caro-Kann: Panov-Botvinnik attack"]
[ECO "B13"]
[Time "21:30:53"]
[TimeControl "2700+45"]

1. e4 c6 2. d4 d5 3. exd5 cxd5 4. c4 Nf6 5. Nc3 Bf5 6. Nf3 e6 7. Bg5 Be7 8. Be2
O-O 9. Rc1 Nc6 10. O-O Rc8 11. c5 Ne4 12. Bf4 Nxc3 13. Rxc3 Bg4 14. Ne5 Bxe2 15.
Qxe2 Nxd4 16. Qg4 Nf5 17. Rfc1 Bf6 18. R3c2 Ne7 19. c6 Nxc6 20. Nxc6 Rxc6 21.
Rxc6 bxc6 22. Rxc6 Bxb2 23. Bd2 Qd7 24. Rc2 Bf6 25. Bh6 Rc8 26. Re2 Qb5 27. g3
Qb1+ 28. Kg2 Qg6 29. Rxe6 Qxg4 {White resigns} 0-1

[Event "Team 45 45 League T50"]
[Site "Internet Chess Club"]
[Date "2011.08.11"]
[Round "1"]
[White "LeanSixSigma"]
[Black "BrandonBee"]
[Result "0-1"]
[WhiteElo "1494"]
[BlackElo "1534"]
[Opening "Sicilian defense"]
[ECO "B40"]
[Time "13:00:30"]
[TimeControl "2700+45"]

1. e4 c5 2. Nf3 e6 3. Bb5 a6 4. Be2 Nc6 5. c3 b5 6. d4 cxd4 7. Nxd4 Qc7 8. Nxc6
Qxc6 9. Bf3 Bb7 10. Be3 Qc7 11. Nd2 d6 12. O-O Nf6 13. Rc1 d5 14. Qc2 Bd6 15. g3
h5 16. Bd4 h4 17. e5 Bxe5 18. Bxe5 Qxe5 19. Rce1 Qg5 20. Bh1 hxg3 21. fxg3 Ng4
22. Qf5 Qxf5 23. Rxf5 Nf6 24. Nf1 O-O-O 25. Rg5 g6 26. h4 Rh5 27. Rxh5 Nxh5 28.
Bf3 Ng7 29. Ne3 d4 30. Bxb7+ Kxb7 31. cxd4 Rxd4 32. Re2 Re4 33. Kf2 f5 34. Rd2
Nh5 35. Rd7+ Kc6 36. Rh7 Nf6 37. Rf7 Ng4+ 38. Nxg4 Rxg4 39. Rf6 Kd5 40. Rf7 Kc6
41. Rg7 e5 42. Rf7 a5 43. h5 gxh5 44. Rxf5 h4 45. Rxe5 Rxg3 46. Rh5 Rg4 47. Kf3
Rc4 48. Rh6+ Kc5 49. Rh5+ Kb4 50. Ke3 a4 51. Kd3 Rg4 52. a3+ Ka5 53. Kc3 Rg3+
54. Kc2 h3 55. Kb1 Rb3 56. Ka2 Kb6 57. Rh6+ Kc5 58. Rh5+ Kd4 59. Rh4+ Ke5 60.
Rh8 Kf4 61. Rf8+ Kg3 62. Rg8+ Kh2 63. Rc8 Rg3 64. Rc1 Rg2 65. Rc3 Rg3 66. Rc1
Kg2 67. Rc2+ Kf3 68. Rc3+ Kg4 69. Rc8 h2 70. Rg8+ Kh3 71. Rh8+ Kg2 72. Re8 h1=Q
73. Re2+ Kh3 74. Rc2 Qd5+ 75. Kb1 Rg1+ 76. Rc1 {White resigns} 0-1

[Event "Team 45 45 League T50"]
[Site "Internet Chess Club"]
[Date "2011.08.11"]
[Round "1"]
[White "BadHabitMarco"]
[Black "AlexeiD"]
[Result "0-1"]
[WhiteElo "2140"]
[BlackElo "2112"]
[Opening "Sicilian: accelerated fianchetto, Breyer variation"]
[ECO "B39"]
[Time "10:00:10"]
[TimeControl "2700+45"]

1. e4 c5 2. Nf3 g6 3. d4 cxd4 4. Nxd4 Bg7 5. c4 Nc6 6. Be3 Nf6 7. Nc3 Ng4 8.
Qxg4 Nxd4 9. Qd1 Ne6 10. Qd2 Qa5 11. Rc1 O-O 12. Be2 d6 13. O-O Nc5 14. f3 f5
15. Bh6 Be6 16. Bxg7 Kxg7 17. Qd4+ Kg8 18. exf5 Rxf5 19. Rfe1 Raf8 20. Bd3 Rf4
21. Be4 Nxe4 22. Rxe4 Rxe4 23. Qxe4 Qf5 24. b3 Qxe4 25. Nxe4 Bf5 26. Re1 Bxe4
27. Rxe4 Kf7 28. Kf2 Rc8 29. Ke3 e5 30. f4 Kf6 31. g4 Ke6 32. a3 Rf8 33. b4 b6
34. h3 h6 35. a4 a5 36. bxa5 bxa5 37. h4 Rb8 38. h5 gxh5 39. gxh5 Rb3+ 40. Kf2
Kf5 41. Re1 Kxf4 42. Rd1 Rb2+ 43. Kf1 Rb6 44. Rd5 Kf3 45. Rd3+ Kg4 46. Rd5 Rc6
47. Rxa5 Rxc4 48. Ra8 d5 49. a5 Ra4 50. a6 Kf3 51. Rf8+ Ke3 52. Rf5 e4 53. Rxd5
Rxa6 54. Rb5 Rf6+ 55. Ke1 Rc6 56. Rb3+ Kf4 57. Rb5 Kf3 58. Ra5 Rb6 59. Rf5+ Ke3
60. Kf1 Rd6 61. Ra5 Kf4 62. Ke2 Rc6 63. Rb5 Rc2+ 64. Ke1 Rh2 65. Ra5 Kf3 66.
Rf5+ Ke3 67. Kf1 Rh4 68. Ra5 Kf3 69. Rf5+ Rf4 70. Ra5 Rf6 71. Rb5 Rc6 72. Rf5+
Ke3 73. Ra5 Rf6+ 74. Ke1 Kf4 75. Ke2 Rf5 76. Ra6 Rxh5 77. Rf6+ Ke5 78. Ra6 Rh2+
79. Ke3 Rh3+ 80. Ke2 Kf5 81. Rb6 h5 82. Rh6 h4 83. Rh8 Rh1 84. Rf8+ Kg5 85. Rg8+
Kf4 86. Rf8+ Kg4 87. Rg8+ Kh3 88. Ke3 Re1+ 89. Kf2 Ra1 90. Ke3 Ra4 91. Kf4 Kh2
92. Rb8 h3 93. Rb2+ Kg1 94. Rb1+ Kg2 95. Rb2+ Kf1 96. Rb1+ Ke2 97. Rb2+ Kd3 98.
Rb3+ Kd2 99. Rb2+ Kc3 100. Rh2 Kd3 101. Rxh3+ e3+ 102. Kf3 e2 103. Kf2+ Kd2 104.
Rh1 Rf4+ 105. Kg3 Re4 106. Kf2 e1=Q+ {White resigns} 0-1

[Event "Team 45 45 League T50"]
[Site "Internet Chess Club"]
[Date "2011.08.10"]
[Round "1"]
[White "DreamCatcher13"]
[Black "DARKwizard1"]
[Result "1-0"]
[WhiteElo "1943"]
[BlackElo "1976"]
[Opening "English opening"]
[ECO "A10"]
[Time "13:01:02"]
[TimeControl "2700+45"]

1. c4 Nc6 2. d4 e5 3. d5 Nce7 4. Nc3 Nf6 5. Nf3 Ng6 6. e4 Be7 7. Bd3 d6 8. Ne2
a6 9. Ng3 h6 10. h3 Bd7 11. Be3 c5 12. Qd2 O-O 13. O-O b5 14. b3 b4 15. a4 a5
16. Nh2 Nh7 17. Ne2 Bg5 18. f4 exf4 19. Nxf4 Ne5 20. Bc2 Qe7 21. Nf3 Bf6 22.
Rad1 Nxf3+ 23. Rxf3 Ng5 24. Rg3 Nxe4 25. Bxe4 Qxe4 26. Nh5 Bc3 27. Qxc3 bxc3 28.
Nf6+ Kh8 29. Nxe4 f5 30. Nxc5 dxc5 31. Bxc5 Rfc8 32. Bd4 c2 33. Rc1 Rg8 34. Rxc2
Kh7 35. Re2 Rae8 36. Rxe8 Bxe8 37. Bb6 Bh5 38. Bxa5 f4 39. Rc3 Kg6 40. d6 {Black
resigns} 1-0

[Event "Team 45 45 League T50"]
[Site "Internet Chess Club"]
[Date "2011.08.14"]
[Round "1"]
[White "Stryker672"]
[Black "DTK"]
[Result "0-1"]
[WhiteElo "1988"]
[BlackElo "2224"]
[Opening "French: Steinitz, Boleslavsky variation"]
[ECO "C11"]
[Time "18:03:46"]
[TimeControl "2700+45"]

1. e4 e6 2. d4 d5 3. Nc3 Nf6 4. e5 Nfd7 5. f4 c5 6. Nf3 Nc6 7. Be3 cxd4 8. Nxd4
Bc5 9. Qd2 O-O 10. O-O-O a6 11. Qf2 Bxd4 12. Bxd4 b5 13. Be3 b4 14. Na4 a5 15.
Bb5 Qc7 16. Nc5 Rb8 17. Na6 Bxa6 18. Bxa6 a4 19. Bc5 b3 20. axb3 Nxc5 21. Qxc5
axb3 22. Bb5 bxc2 23. Rd3 Qa5 24. Ra3 Qxb5 25. Qxb5 Rxb5 26. Kxc2 Rfb8 {White
resigns} 0-1

[Event "Team 45 45 League T50"]
[Site "Internet Chess Club"]
[Date "2011.08.14"]
[Round "1"]
[White "Beetlejuice"]
[Black "alexdb"]
[Result "1-0"]
[WhiteElo "1887"]
[BlackElo "1919"]
[Opening "Catalan opening"]
[ECO "E00"]
[Time "15:13:54"]
[TimeControl "2700+45"]

1. d4 Nf6 2. c4 e6 3. g3 c5 4. Nf3 cxd4 5. Nxd4 d5 6. Bg2 e5 7. Nf3 d4 8. O-O
Nc6 9. e3 Be7 10. exd4 exd4 11. Re1 O-O 12. Nbd2 Qb6 13. Nb3 Bb4 14. Bd2 Rd8 15.
Rc1 a5 16. Ne5 Nxe5 17. Rxe5 Bxd2 18. Qxd2 Qb4 19. Qf4 a4 20. Rb5 Qd6 21. Qxd6
Rxd6 22. Nc5 d3 23. Nxb7 d2 24. Rd1 Bxb7 25. Bxb7 Re8 26. Bf3 Re1+ 27. Kg2 h6
28. Rb8+ Kh7 29. c5 Rxd1 30. Bxd1 Rc6 31. Rd8 Rxc5 32. Rxd2 Rc4 33. Bc2+ g6 34.
Kf3 Kg7 35. h3 Rb4 36. Bd1 Ne4 37. Rc2 Ng5+ 38. Kg2 Rd4 39. Be2 Ne4 40. Rc4 Rxc4
41. Bxc4 Nd6 42. Bd5 Kf6 43. Bc6 Nc4 44. Bxa4 Nxb2 45. Bb3 Nd3 46. a4 Nc5 47.
Bc2 Ke5 48. Kf3 Kd4 49. a5 Kc4 50. Be4 Kb5 51. Bd5 Nd7 52. Kf4 f6 53. Bf7 Ne5
54. Be8+ Kxa5 55. Ke4 Kb6 56. f4 Nc6 57. Bxg6 Ne7 58. f5 Kc6 {Black resigns} 1-0

[Event "Team 45 45 League T50"]
[Site "Internet Chess Club"]
[Date "2011.08.15"]
[Round "1"]
[White "zachi"]
[Black "bgolev"]
[Result "1-0"]
[WhiteElo "1978"]
[BlackElo "1821"]
[Opening "Scotch gambit: Dubois-Réti defense"]
[ECO "C55"]
[Time "22:31:02"]
[TimeControl "2700+45"]

1. e4 e5 2. Nf3 Nc6 3. d4 exd4 4. Bc4 Nf6 5. e5 d5 6. Bb5 Ne4 7. Nxd4 Bd7 8.
Bxc6 bxc6 9. O-O Be7 10. f3 Ng5 11. f4 Ne4 12. Nc3 Nxc3 13. bxc3 c5 14. Nb3 c4
15. Nd4 c5 16. Ne2 Bg4 17. h3 Bxe2 18. Qxe2 Qa5 19. Bd2 O-O 20. f5 Qa6 21. f6
gxf6 22. Bh6 Kh8 23. Bxf8 Rxf8 24. Qh5 Qe6 25. Rae1 f5 26. Rxf5 d4 27. Ref1 Kg8
28. cxd4 cxd4 29. Qg4+ Kh8 30. Qxd4 Rd8 31. Qf4 {Black resigns} 1-0

[Event "Team 45 45 League T50"]
[Site "Internet Chess Club"]
[Date "2011.08.13"]
[Round "1"]
[White "room-matt"]
[Black "Holzschlange"]
[Result "0-1"]
[WhiteElo "1660"]
[BlackElo "1829"]
[Opening "Richter-Veresov attack"]
[ECO "D01"]
[Time "16:31:20"]
[TimeControl "2700+45"]

1. d4 Nf6 2. Nc3 d5 3. Bg5 c5 4. Bxf6 gxf6 5. Nf3 Nc6 6. dxc5 d4 7. Ne4 f5 8.
Ned2 Qa5 9. Qc1 e5 10. c3 dxc3 11. bxc3 Qxc5 12. g3 Bg7 13. e4 Qe7 14. Bd3 fxe4
15. Nxe4 f5 {White resigns} 0-1

[Event "Team 45 45 League T50"]
[Site "Internet Chess Club"]
[Date "2011.08.11"]
[Round "1"]
[White "Tjet"]
[Black "tryanything"]
[Result "0-1"]
[WhiteElo "1467"]
[BlackElo "1578"]
[Opening "English opening"]
[ECO "A20"]
[Time "22:00:06"]
[TimeControl "2700+45"]

1. c4 e5 2. g3 Nf6 3. Bg2 Nc6 4. Nc3 g6 5. e4 Bg7 6. Nge2 O-O 7. O-O d6 8. d3
Be6 9. Bg5 h6 10. Bxf6 Bxf6 11. Nd5 Bg7 12. Qd2 Ne7 13. Rac1 c6 14. Nxe7+ Qxe7
15. b3 Rfd8 16. d4 d5 17. cxd5 cxd5 18. exd5 Bxd5 19. Rfe1 Bxg2 20. Kxg2 exd4
21. Nf4 Qg5 22. Qd3 Rd7 23. Rc2 Rad8 24. Rec1 Be5 25. Rc5 b6 26. Nh3 Qf6 27. Rc6
Rd6 28. Rxd6 Qxd6 29. f4 Bg7 30. Nf2 Re8 31. Rc2 Re3 32. Rc8+ Kh7 33. Qc4 Rc3
34. Rd8 Qxd8 35. Qxf7 Qc7 36. Qe6 Qc6+ 37. Qxc6 Rxc6 {White resigns} 0-1

[Event "Team 45 45 League T50"]
[Site "Internet Chess Club"]
[Date "2011.08.12"]
[Round "1"]
[White "nanning"]
[Black "alaskauk"]
[Result "1/2-1/2"]
[WhiteElo "1502"]
[BlackElo "1472"]
[Opening "Caro-Kann: classical, Spassky variation"]
[ECO "B19"]
[Time "09:00:28"]
[TimeControl "2700+45"]

1. e4 c6 2. d4 d5 3. Nc3 dxe4 4. Nxe4 Bf5 5. Ng3 Bg6 6. h4 h6 7. Nf3 Nd7 8. h5
Bh7 9. Bd3 Bxd3 10. Qxd3 Ngf6 11. Qb3 Qb6 12. Rh4 Qxb3 13. axb3 a6 14. c4 e6 15.
c5 Nd5 16. Bd2 Be7 17. Rg4 N7f6 18. Rh4 Bd8 19. b4 Bc7 20. Ne5 Bxe5 21. dxe5 Nd7
22. f4 f6 23. exf6 N7xf6 24. O-O-O Kf7 25. Re1 Rad8 26. f5 Rhe8 27. fxe6+ Rxe6
28. Rxe6 Kxe6 29. Ne4 Nxe4 30. Rxe4+ Kf5 31. Rh4 Rd7 32. g4+ Kf6 33. g5+ {Game
drawn by mutual agreement} 1/2-1/2

[Event "Team 45 45 League T50"]
[Site "Internet Chess Club"]
[Date "2011.08.11"]
[Round "1"]
[White "JohLeb"]
[Black "musfeldt"]
[Result "0-1"]
[WhiteElo "1527"]
[BlackElo "1372"]
[Opening "King's Indian: 4.e4"]
[ECO "E70"]
[Time "10:57:11"]
[TimeControl "2700+45"]

1. d4 Nf6 2. c4 g6 3. Nc3 Bg7 4. e4 d6 5. Bd3 O-O 6. Nge2 e5 7. d5 Na6 8. O-O
Nc5 9. Bc2 Nfd7 10. b4 Na6 11. a3 f5 12. Rb1 f4 13. f3 Nf6 14. Na4 Nb8 15. Bd3
g5 16. g4 h5 17. c5 hxg4 18. cxd6 cxd6 19. Kf2 gxf3 20. Rg1 fxe2 21. Qxe2 g4 22.
Ke1 Nh5 23. Rxg4 Bxg4 24. Qxg4 Qe8 25. Nc3 a6 26. Bd2 Nd7 27. Kf2 Nhf6 28. Qg5
Qh5 29. Qxh5 Nxh5 30. Rg1 Nhf6 31. Be2 Kf7 32. Bf3 Rh8 33. Rg2 Rh4 34. Kg1 Nb6
35. Be1 Rhh8 36. Be2 Rh3 37. a4 f3 {White resigns} 0-1

[Event "Team 45 45 League T50"]
[Site "Internet Chess Club"]
[Date "2011.08.13"]
[Round "1"]
[White "Aquaman"]
[Black "dpmdpm"]
[Result "0-1"]
[WhiteElo "1261"]
[BlackElo "1545"]
[Opening "Réti: King's Indian attack, French variation"]
[ECO "A07"]
[Time "15:00:52"]
[TimeControl "2700+45"]

1. Nf3 d5 2. g3 Nf6 3. Bg2 c5 4. O-O Nc6 5. d3 e6 6. Nbd2 Be7 7. Re1 O-O 8. e4
dxe4 9. dxe4 b5 10. e5 Nd7 11. h4 Bb7 12. c3 Qc7 13. Qe2 a6 14. Nf1 Rad8 15. Bf4
c4 16. N1h2 Nc5 17. Qe3 Nd3 18. Re2 Bc5 19. Nd4 Nxd4 20. cxd4 Bxd4 21. Bg5 Bxe3
22. Bxd8 Bxf2+ 23. Rxf2 Qxd8 24. Bxb7 Nxf2 25. Kxf2 Qb6+ {White resigns} 0-1

[Event "Team 45 45 League T50"]
[Site "Internet Chess Club"]
[Date "2011.08.12"]
[Round "1"]
[White "Xanther"]
[Black "mongmong"]
[Result "0-1"]
[WhiteElo "1445"]
[BlackElo "1634"]
[Opening "French: Winawer (Nimzovich) variation"]
[ECO "C15"]
[Time "18:02:27"]
[TimeControl "2700+45"]

1. e4 e6 2. d4 d5 3. Nc3 Bb4 4. exd5 exd5 5. Nf3 Ne7 6. Bf4 Bf5 7. Bd3 Bxd3 8.
Qxd3 O-O 9. O-O Bxc3 10. Qxc3 c6 11. Rfe1 Ng6 12. Bg3 Nd7 13. Qb4 Nb6 14. Rad1
Qd7 15. Ne5 Nxe5 16. Bxe5 f6 17. Bg3 Rfe8 18. Qd6 Qxd6 19. Bxd6 Kf7 20. b3 Rxe1+
21. Rxe1 Re8 22. Re7+ Rxe7 {White resigns} 0-1

[Event "Team 45 45 League T50"]
[Site "Internet Chess Club"]
[Date "2011.08.12"]
[Round "1"]
[White "seattleblues"]
[Black "doublepar"]
[Result "1-0"]
[WhiteElo "1421"]
[BlackElo "1465"]
[Opening "French: King's Indian attack"]
[ECO "C00"]
[Time "21:00:10"]
[TimeControl "2700+45"]

1. e4 e6 2. d3 d5 3. Nd2 c5 4. g3 Nc6 5. Bg2 Nf6 6. Ngf3 Bd6 7. O-O O-O 8. Re1
dxe4 9. dxe4 e5 10. Nc4 Nd4 11. Ncxe5 Nxf3+ 12. Nxf3 Be7 13. e5 Ng4 14. h3 Nh6
15. Qxd8 Rxd8 16. Bg5 Nf5 17. Bxe7 Nxe7 18. Rad1 Bf5 19. Rxd8+ Rxd8 20. c3 b6
21. Re2 h6 22. Rd2 Re8 23. Ne1 Ng6 24. f4 h5 25. h4 Be6 26. Bd5 Bf5 27. Nf3 Ne7
28. Ng5 Rf8 29. Bc4 Bg6 30. Rd7 Nf5 31. Kf2 Nh6 32. Rxa7 Ng4+ 33. Ke2 Nh6 34.
Rb7 Nf5 35. Kf2 {Black resigns} 1-0

[Event "Team 45 45 League T50"]
[Site "Internet Chess Club"]
[Date "2011.08.11"]
[Round "1"]
[White "oldprez"]
[Black "MichaelJames"]
[Result "1-0"]
[WhiteElo "1405"]
[BlackElo "1389"]
[Opening "Giuoco Piano: Greco's attack"]
[ECO "C54"]
[Time "19:41:36"]
[TimeControl "2700+45"]

1. e4 e5 2. Nf3 Nc6 3. Bc4 Bc5 4. c3 Nf6 5. d4 exd4 6. cxd4 Bb4+ 7. Nc3 Bxc3+ 8.
bxc3 O-O 9. d5 Na5 10. Bd3 d6 11. h3 Re8 12. Qa4 b6 13. O-O Bd7 14. Qc2 Qc8 15.
Kh2 c6 16. Bg5 cxd5 17. Bxf6 gxf6 18. exd5 Kh8 19. Nh4 Re5 20. c4 Rh5 21. Qc3
Qd8 22. Qd4 Re5 23. Qf4 Qe7 24. Qh6 f5 25. Nf3 Re8 26. Nxe5 dxe5 27. Rab1 e4 28.
Be2 Rg8 29. Qf4 Qg5 30. Qxg5 Rxg5 31. f4 exf3 32. Rxf3 Kg7 33. Rg3 Rxg3 34. Kxg3
Kf6 35. Kh4 Ke5 36. Rf1 Kd4 37. Rf4+ Ke3 38. Kg5 Kxe2 39. Rh4 Kf2 40. Rxh7 Kxg2
41. Rxf7 Bc8 42. h4 Nxc4 43. h5 Kg3 44. h6 Ne5 45. Rxa7 f4 46. h7 Nf3+ 47. Kf6
Ng5 {Black resigns} 1-0

[Event "Team 45 45 League T50"]
[Site "Internet Chess Club"]
[Date "2011.08.16"]
[Round "1"]
[White "Conjurer"]
[Black "radiohead"]
[Result "1/2-1/2"]
[WhiteElo "1301"]
[BlackElo "1357"]
[Opening "English opening"]
[ECO "A16"]
[Time "21:30:39"]
[TimeControl "2700+45"]

1. c4 Nf6 2. Nc3 g6 3. g3 Bg7 4. Bg2 O-O 5. Nf3 d5 6. cxd5 Nxd5 7. O-O c6 8. d4
Nd7 9. e4 N5f6 10. Re1 Re8 11. Bf4 Nh5 12. Be3 e5 13. Rc1 b5 14. b4 exd4 15.
Nxd4 Ne5 16. f4 Nc4 17. Nxc6 Qxd1 18. Nxd1 Nxe3 19. Nxe3 a6 20. e5 Kh8 21. Nd4
Rb8 22. Ne2 Bf8 23. a3 Ng7 24. Rc7 f6 25. Ng4 Bxg4 26. Nd4 Ne6 27. Nxe6 Bxe6 28.
exf6 Bf5 29. Kf2 Rxe1 30. Kxe1 Re8+ 31. Kf2 Be4 32. Bf1 Re6 33. f7 Rf6 34. Ke3
Bd5 35. Ra7 Bxf7 36. Bd3 Bc4 37. h4 Bxd3 38. Kxd3 h5 39. Ra8 Kh7 40. Kd4 Kh6 41.
Ke5 Rd6 42. Rxf8 Rd7 43. Ra8 Rd3 44. Kf6 Rd6+ 45. Kf7 Rd7+ 46. Kf6 Rd6+ 47. Kf7
Rd7+ 48. Kf6 Rd6+ 49. Kf7 Rd7+ {Game drawn by repetition} 1/2-1/2

[Event "Team 45 45 League T50"]
[Site "Internet Chess Club"]
[Date "2011.08.14"]
[Round "1"]
[White "ElmerHo"]
[Black "krysto"]
[Result "0-1"]
[WhiteElo "1564"]
[BlackElo "1584"]
[Opening "French: Steinitz, Boleslavsky variation"]
[ECO "C11"]
[Time "21:06:45"]
[TimeControl "2700+45"]

1. e4 e6 2. d4 d5 3. Nc3 Nf6 4. e5 Nfd7 5. f4 c5 6. Nf3 Nc6 7. Be3 cxd4 8. Nxd4
Bc5 9. Qd2 a6 10. O-O-O O-O 11. Qf2 Qc7 12. Kb1 Nxd4 13. Bxd4 b5 14. h4 b4 15.
Na4 Bxd4 16. Qxd4 a5 17. h5 Ba6 18. g4 Rfc8 19. Rc1 Bxf1 20. Rhxf1 Nc5 21. Nxc5
Qxc5 22. Qxc5 Rxc5 23. Rf3 Rac8 24. c3 Kf8 25. Rd3 Ke7 26. Rc2 Rc4 27. Rd4 R4c5
28. Rd3 bxc3 29. Rdxc3 Rxc3 30. Rxc3 Rxc3 31. bxc3 Kd7 32. Kb2 Kc6 33. Kb3 Kb5
34. a4+ Kc5 35. f5 d4 36. c4 d3 37. Kc3 d2 38. Kxd2 Kxc4 39. Ke3 Kb4 40. fxe6
fxe6 41. Kd4 Kxa4 42. Kc5 Kb3 43. Kd6 a4 44. Kxe6 a3 45. Kf7 a2 46. e6 a1=Q 47.
e7 Qf6+ 48. Ke8 Kc4 49. Kd7 Qf7 50. Kd8 Qd5+ 51. Ke8 Kc5 52. Kf8 Qf3+ 53. Kg8
Qe4 54. Kf8 Qf4+ 55. Ke8 Kc6 56. Kd8 Qc7+ 57. Ke8 Kd6 {White resigns} 0-1

[Event "Team 45 45 League T50"]
[Site "Internet Chess Club"]
[Date "2011.08.11"]
[Round "1"]
[White "Berke"]
[Black "BrerRabbit"]
[Result "1-0"]
[WhiteElo "1591"]
[BlackElo "1509"]
[Opening "Pirc: Byrne variation"]
[ECO "B07"]
[Time "10:46:04"]
[TimeControl "2700+45"]

1. e4 d6 2. d4 Nf6 3. Nc3 g6 4. Bg5 Bg7 5. Nf3 a6 6. Bc4 b5 7. Bd3 O-O 8. Qd2
Nc6 9. Ne2 Bb7 10. d5 Ne5 11. Nxe5 dxe5 12. O-O c6 13. dxc6 Bxc6 14. f3 Rc8 15.
Rad1 Qb6+ 16. Be3 Qb7 17. Qb4 Rfe8 18. b3 Nd7 19. c4 bxc4 20. Qxb7 Bxb7 21. Bxc4
Nf6 22. Nc3 e6 23. Na4 Red8 24. Nc5 Ba8 25. Bxa6 Rb8 26. Bc4 Bf8 27. Nd3 Nd7 28.
Bg5 f6 29. Be3 Kf7 30. Nb2 Bc5 31. Bxc5 Nxc5 32. Kf2 Ke7 33. Ke3 Bc6 34. Rf2
Rxd1 35. Nxd1 Rd8 36. Rd2 Ra8 37. Nc3 Rb8 38. Rb2 Ra8 39. b4 Na4 40. Nxa4 Rxa4
41. Kd3 f5 42. exf5 exf5 43. b5 Bb7 44. Kc3 Ra3+ 45. Kb4 Re3 46. a4 Kd6 47. Rd2+
Kc7 48. a5 e4 49. b6+ Kb8 50. Rd8+ Bc8 51. fxe4 Rxe4 52. a6 Re1 53. b7 {Black
resigns} 1-0

[Event "Team 45 45 League T50"]
[Site "Internet Chess Club"]
[Date "2011.08.13"]
[Round "1"]
[White "PsyMar"]
[Black "Barie"]
[Result "1-0"]
[WhiteElo "1405"]
[BlackElo "1398"]
[Opening "French: Winawer (Nimzovich) variation"]
[ECO "C15"]
[Time "19:30:14"]
[TimeControl "2700+45"]

1. e4 e6 2. d4 d5 3. Nc3 Bb4 4. Bd3 dxe4 5. Bxe4 Nf6 6. Bf3 c5 7. Ne2 Nc6 8. a3
cxd4 9. Bxc6+ bxc6 10. axb4 dxc3 11. Qxd8+ Kxd8 12. bxc3 Nd5 13. O-O Ke7 14. Rd1
Bb7 15. Ba3 Rhd8 16. c4 Nb6 17. b5+ Ke8 18. Bc5 Rxd1+ 19. Rxd1 Nxc4 20. Nd4 Rd8
21. Ra1 cxb5 22. Nxb5 Rd5 23. Nc7+ Kd7 24. Nxd5 Bxd5 25. Rxa7+ Kc6 26. Bf8 f5
27. Bxg7 h5 28. f4 Ne3 29. Be5 Be4 30. Rc7+ Kd5 31. Rd7+ Kc4 32. Rd4+ Kc5 33. c3
Nxg2 34. Rxe4 fxe4 35. Kxg2 Kc4 36. Kf2 Kd3 37. Ke1 h4 38. Bd4 h3 39. Kf2 Kd2
40. c4 Kd3 41. c5 Kxd4 42. c6 Kd3 43. c7 Kd2 44. c8=Q e3+ 45. Kf3 e2 46. Qxe6
Ke1 47. Kg3 Kf1 48. Kxh3 Kf2 49. Qxe2+ Kxe2 50. f5 {Black resigns} 1-0

[Event "Team 45 45 League T50"]
[Site "Internet Chess Club"]
[Date "2011.08.15"]
[Round "1"]
[White "tamky70"]
[Black "lookatall65sqas"]
[Result "0-1"]
[WhiteElo "1363"]
[BlackElo "1556"]
[Opening "Sicilian: closed"]
[ECO "B24"]
[Time "20:01:20"]
[TimeControl "2700+45"]

1. e4 c5 2. Nc3 Nc6 3. g3 g6 4. Bg2 Bg7 5. Nf3 d6 6. O-O e6 7. d3 Nge7 8. Re1
O-O 9. Ne2 d5 10. c3 d4 11. Bd2 e5 12. c4 f5 13. Bg5 fxe4 14. dxe4 h6 15. Bd2
Qe8 16. a3 Qf7 17. Nc1 Bg4 18. Nd3 Bxf3 19. Bxf3 Qxf3 20. Qxf3 Rxf3 21. Nxc5
Raf8 22. Rf1 b6 23. Ne6 R8f6 24. Nxg7 Kxg7 25. Rad1 d3 26. Be3 Rd6 27. Kg2 Rf7
28. Rd2 Na5 29. c5 bxc5 30. Bxc5 Rd8 31. Rfd1 Nb3 32. Rxd3 Rxd3 33. Rxd3 Nxc5
34. Rd5 Nxd5 35. exd5 Nd3 {White resigns} 0-1

[Event "Team 45 45 League T50"]
[Site "Internet Chess Club"]
[Date "2011.08.12"]
[Round "1"]
[White "oldsj"]
[Black "BrianWood"]
[Result "1/2-1/2"]
[WhiteElo "1565"]
[BlackElo "1527"]
[Opening "Petrov: Nimzovich attack"]
[ECO "C42"]
[Time "19:00:13"]
[TimeControl "2700+45"]

1. e4 e5 2. Nf3 Nf6 3. Nxe5 d6 4. Nf3 Nxe4 5. Nc3 Nxc3 6. dxc3 Bg4 7. Bf4 Nc6 8.
h3 Qe7+ 9. Be3 Bd7 10. Qd2 O-O-O 11. Be2 Kb8 12. O-O g6 13. b4 Bg7 14. b5 Ne5
15. Rab1 Nxf3+ 16. Bxf3 Qe6 17. Rb3 b6 18. Bd5 Qf5 19. g4 Qe5 20. Re1 Rhe8 21.
f4 Qe7 22. Bf2 Qf8 23. a4 Rxe1+ 24. Qxe1 Re8 25. Qd2 f5 26. g5 h6 27. h4 hxg5
28. hxg5 Be6 29. a5 Qe7 30. axb6 cxb6 31. Ra3 Bxd5 32. Qxd5 Qc7 33. Bd4 Bxd4+
34. cxd4 Qxc2 35. Qxd6+ Qc7 36. Qxc7+ Kxc7 37. Rxa7+ Kd6 38. Rg7 Re6 39. Kf2
{Game drawn by mutual agreement} 1/2-1/2